 Dungeon Crawl Stone Soup version 0.27-a0-1051-g288ea87c7c (webtiles) character file.

Game seed: 15309938554208780309

21 porpoise the Magician (level 2, -1/22 HPs)
             Began as a Djinni Venom Mage on Apr 20, 2021.
             Slain by an adder (4 damage)
             ... on level 2 of the Dungeon.
             The game lasted 00:03:13 (1340 turns).

porpoise the Magician (Djinni Venom Mage)           Turns: 1340, Time: 00:03:13

Health: -1/22      AC:  2    Str:  7    XL:     2   Next: 87%
Gold:   62         EV: 12    Int: 16    God:
                   SH:  0    Dex: 13

rFire    + + .     SeeInvis .   a - +0 hand axe
rCold    x . .     Faith    .   (no shield)
rNeg     . . .     Spirit   .   b - +0 robe
rPois    ∞         Reflect  .   (no helmet)
rElec    .         Harm     .   (no cloak)
rCorr    .         Rampage  .   (no gloves)
Will     .....                  (boots unavailable)
Stlth    ++........             (no amulet)
HPRegen  0.07/turn              (no ring)
MPRegen  0.00/turn              (no ring)

@: flying
A: fire resistance 2, cold vulnerability 1, float, innate caster, hp casting,
extra vitality 1
a: no special abilities


You were on level 2 of the Dungeon.
You visited 1 branch of the dungeon, and saw 2 of its levels.

You collected 62 gold pieces.

Inventory:

Hand Weapons
 a - a +0 hand axe (weapon)
Missiles
 e - 11 poisoned darts
 f - 26 arrows
 g - 20 stones
Armour
 b - a +0 robe (worn)
Scrolls
 c - a scroll of teleportation {unknown}
 d - 2 scrolls of magic mapping {unknown}


   Skills:
 * Level 0.9 Fighting
 - Level 2.1 Dodging
 - Level 1.5 Stealth
 + Level 3.3 Spellcasting


You couldn't memorise any spells.
You knew the following spells:

 Your Spells              Type           Power      Damage    Failure   Level
a - Sting                 Tmut/Pois      52%        1d5       4%          1
i - Ignite Poison         Fire/Tmut/Pois 13%        N/A       14%         3
m - Mephitic Cloud        Conj/Pois/Air  13%        N/A       14%         3
o - Olgreb's Toxic Radia  Pois           13%        N/A       41%         4
v - Poisonous Vapours     Pois/Air       26%        N/A       7%          2
Your spell library was empty.

Dungeon Overview and Level Annotations

Branches:
Dungeon (2/15)

Altars:

Annotations:
D:2 Jessica


Innate Abilities, Weirdness & Mutations

You are immune to poison.
Your flesh is very heat resistant. (rF++)
You are vulnerable to cold. (rC-)
You float through the air rather than walking.
You learn spells naturally, not from books.
Your magical power is your life essence.
You have superior vitality. (+4 HP)


Message History

You don't know that spell.
Unknown command.
Unknown command.
Casting: Sting (safe; 4% risk of failure)
Confirm with . or Enter, or press ? or * to list all spells.
Okay, then.
Unknown command.
Casting: Sting (safe; 4% risk of failure)
Confirm with . or Enter, or press ? or * to list all spells.
You aren't experienced enough to cast this spell.
Casting: Sting (safe; 4% risk of failure)
Confirm with . or Enter, or press ? or * to list all spells.
Aiming: Sting (safe; 4% risk of failure)
Press: ? - help, Shift-Dir - straight line, f/p - adder
Aim: an adder (heavily wounded, poisoned, 53% to hit)
The sting misses the adder.
The sting misses the hobgoblin.
The adder misses you.
The adder looks more healthy.
Unknown command.
The adder bites you.
A rat comes into view.
The adder barely misses you. The rat closely misses you.
Jessica the Apprentice Sorceress comes into view.
She is wielding a +0 club and carrying a wand of digging (4).
The adder bites you but does no damage.
An adder comes into view.
The adder bites you. The hobgoblin closely misses you.
The hobgoblin closely misses you. The ball python bites you.
* * * LOW HITPOINT WARNING * * *
The ball python grabs you. The ball python constricts you.
You escape the ball python's grasp.
The adder misses you.
Things that are here:
a +0 short sword; a kobold corpse The adder bites you.
* * * LOW HITPOINT WARNING * * *
The adder bites you but does no damage. The adder closely misses you.
The adder bites you.
You die...

###.......# #...#
..........###.#.##
.##......)r.g....#
.........####.#r.#
###.......#...#.g#
#.......#.###..#
#.........# #.S#
##......#### #.S#
#..#.....######@###
#.##..##....###.>.###
#....######..##.#...##
#..### ##.##.###..#
#..# #.##.###..# ##..#
#....<##.## ....#
##....#..# .#.##
#......## #..#
#†....##


You could see an adder, a hobgoblin, a ball python and a rat.

Vanquished Creatures
  3 dart slugs
  2 bats (D:1)
  3 hobgoblins (D:1)
  2 kobolds
  A quokka (D:1)
  2 ball pythons (D:1)
  A goblin (D:1)
  2 rats (D:1)
16 creatures vanquished.

Notes
Turn   | Place    | Note
-------+----------+-------------------------------------------
     0 | D:1      | porpoise the Djinni Venom Mage began the quest for the Orb.
     0 | D:1      | Reached XP level 1. HP: 15/15 MP: 0/0
   323 | D:1      | Reached skill level 3 in Spellcasting
   323 | D:1      | Reached XP level 2. HP: 20/22 MP: 0/0
  1319 | D:2      | Noticed Jessica
  1340 | D:2      | Slain by an adder

Illustrated notes

Levels and vault maps discovered:
D:1:      dpeg_arrival_stonehenge_8_columns, layout_loops_corners,
          minmay_misc_feat_iff, minmay_misc_feat_diagonals, dk_noncrumbling_4,
          chequers_serial_rivers_large_a, bh_walls_and_bars
D:2:      layout_rooms, basic_altar, minmay_vboxes, uniq_jessica

Skill      XL: |  1 |
---------------+----+-----
Spellcasting   | 3 |  3.3
Fighting       | |  0.9
Dodging        | |  2.1
Stealth        | |  1.5

Action                   || total
-------------------------++-------
Melee: Hand axe          ||     4
 Cast: Sting             ||    29
Armor: Robe              ||     2
Dodge: Dodged            ||    14

Table legend: (Time is in decaauts)
 A = Elapsed time spent in this place.
 B = Non-inter-level travel time spent in this place.
 C = Inter-level travel time spent in this place.
 D = Time resting spent in this place.
 E = Time spent auto-exploring this place.
 F = Levels seen in this place.
 G = Mean time per level.
                   A        B        C        D        E       F      G
               +--------+--------+--------+--------+--------+-----+--------+
         Total |   1340 |   1315 |     25 |    234 |    951 |   2 |  670.0 |
       Dungeon |   1340 |   1315 |     25 |    234 |    951 |   2 |  670.0 |
               +--------+--------+--------+--------+--------+-----+--------+

Top non-repeatable levels by time:
     D:1: 1181 daAuts
     D:2: 159 daAuts
